[Event "Budapest IM-B ONE WEEK Feb 2024"]
[Site "Budapest"]
[Date "2024.02.28"]
[Round "5.4"]
[White "Poysti, Nathanael"]
[Black "Haszon, David"]
[Result "0-1"]
[ECO "A14"]
[WhiteElo "2163"]
[BlackElo "2245"]
[Annotator "RC"]
[PlyCount "120"]
[EventDate "2024.02.25"]
[EventType "tourn"]
[EventCountry "HUN"]
[SourceTitle "playchess.com"]
[Source "ChessBase"]
[SourceQuality "1"]
[TimeControl "5400+30"]

1. c4 e6 2. g3 d5 3. Bg2 Nf6 4. Nf3 Be7 5. O-O O-O 6. b3 c5 7. cxd5 exd5 8. d4 Nc6 9. Bb2 Ne4 10. dxc5 Bxc5 11. Nc3 Nxc3 12. Bxc3 d4 13. Bb2 Bf5 14. Rc1 Bb6 15. Qd2 Re8 16. Rfd1 Qe7 17. Nxd4 Bxd4 18. Bxd4 Qxe2 19. Ba1 Qxd2 20. Rxd2 Rad8 21. Rxd8 Rxd8 22. Bc3 h5 23. Bf3 h4 24. gxh4 Nd4 25. Bxd4 Rxd4 26. Rd1 Rxh4 27. Bxb7 Bh3 28. f3 Rh5 29. Rd2 Be6 30. Kf1 Kf8 31. Ke1 Ke7 32. Kd1 Rb5 33. Bc6 Rc5 34. Rc2 Rh5 35. Kc1 Kd6 36. Kb2 Bf5 37. Be4 Bxe4 38. fxe4 Rh4 39. b4 Rxe4 40. Kc3 g5 41. a4 a5 42. Rb2 axb4+ 43. Rxb4 Re3+ 44. Kc4 Re2 45. h3 f5 46. Rb3 Ra2 47. Kb4 f4 48. Rd3+ Ke5 49. Rd8 Rh2 50. Rg8 Kf6 51. a5 Rxh3 52. a6 Rh7 53. Rf8+ Ke5 54. Kc5 g4 55. Re8+ Kf5 56. Rf8+ Ke4 57. Kb6 g3 58. a7 Rxa7 59. Kxa7 g2 60. Rg8 Ke5 0-1

[Event "Budapest IM-B ONE WEEK Feb 2024"]
[Site "Budapest"]
[Date "2024.02.28"]
[Round "5.5"]
[White "Nemeth, Zoltan"]
[Black "Matyassy, Lazar"]
[Result "1/2-1/2"]
[ECO "E20"]
[WhiteElo "2194"]
[BlackElo "2176"]
[Annotator "RC"]
[PlyCount "108"]
[EventDate "2024.02.25"]
[EventType "tourn"]
[EventCountry "HUN"]
[SourceTitle "playchess.com"]
[Source "ChessBase"]
[SourceQuality "1"]
[TimeControl "5400+30"]

1. d4 Nf6 2. c4 e6 3. Nc3 Bb4 4. Bd2 O-O 5. Qc2 c5 6. Nf3 cxd4 7. Nxd4 Nc6 8. e3 Nxd4 9. exd4 d5 10. a3 Bxc3 11. bxc3 Ne4 12. Bd3 Nxd2 13. Qxd2 dxc4 14. Bxc4 b6 15. O-O Bb7 16. Rfe1 Rc8 17. Bd3 g6 18. Re3 Qg5 19. Bf1 Bd5 20. a4 Bc4 21. Bxc4 Rxc4 22. Qe1 Rfc8 23. a5 bxa5 24. h4 Qd5 25. Re5 Qd6 26. Rexa5 Rxc3 27. Qe5 Rc1+ 28. Rxc1 Rxc1+ 29. Kh2 Qxe5+ 30. dxe5 Rc7 31. Kg3 h6 32. Kf4 Kg7 33. g4 Rc4+ 34. Kg3 Rc7 35. h5 g5 36. f3 Rb7 37. Kf2 Rb3 38. Ke2 a6 39. Kf2 Rb5 40. Rxa6 Rxe5 41. Ra8 Rb5 42. Ke3 Rb4 43. Rc8 Rf4 44. Re8 Ra4 45. Rb8 Ra1 46. Kf2 Ra3 47. Re8 Kf6 48. Rh8 Kg7 49. Re8 Ra4 50. Ke2 f5 51. Rxe6 fxg4 52. fxg4 Rxg4 53. Re7+ Kg8 54. Re6 Kg7 1/2-1/2

[Event "Budapest IM-B ONE WEEK Feb 2024"]
[Site "Budapest"]
[Date "2024.02.29"]
[Round "6.1"]
[White "Skytte, Rasmus"]
[Black "Matyassy, Lazar"]
[Result "1/2-1/2"]
[ECO "D52"]
[WhiteElo "2342"]
[BlackElo "2176"]
[Annotator "TA"]
[PlyCount "82"]
[EventDate "2024.02.25"]
[EventType "tourn"]
[EventCountry "HUN"]
[SourceTitle "playchess.com"]
[Source "ChessBase"]
[SourceQuality "1"]
[TimeControl "5400+30"]

1. d4 Nf6 2. Nf3 e6 3. c4 d5 4. Nc3 Nbd7 5. Bg5 c6 6. e3 Qa5 7. Nd2 dxc4 8. Bxf6 Nxf6 9. Nxc4 Qc7 10. Rc1 Be7 11. g3 O-O 12. Bg2 Nd5 13. O-O Nxc3 14. Rxc3 Rd8 15. Qc2 Bd7 {[%emt 0:06:28] White is slightly better.} 16. a3 Rac8 17. b4 Be8 18. Rc1 a6 19. Qb3 Bf8 20. f4 g6 21. Bf3 Qe7 22. Kg2 f6 23. Nb6 Rb8 24. Qc2 Bf7 25. Rd1 Re8 26. e4 {[%emt 0:02:48] White is much more active.} Rbd8 27. Nc4 g5 ({Black should play} 27... Bg7 $14) 28. fxg5 $16 fxg5 29. e5 {[%emt 0:00:55] Inhibits Qf6.} (29. Qe2 $16) 29... Bg6 30. Be4 Bxe4+ 31. Qxe4 Qg7 32. Rf3 Be7 33. Rdf1 Rf8 {[%emt 0:00:42] [#]} (33... Qg6 $1 $14 34. Qxg6+ hxg6) 34. Rxf8+ (34. Na5 $1 $16 ) 34... Rxf8 $11 35. Rxf8+ Bxf8 $16 {[%emt 0:00:10][%mdl 4096] Endgame. KQB-KQN. The position is equal.} 36. h4 gxh4 37. Qxh4 (37. Qf3 {looks sharper.} hxg3 38. Qh5 Qf7 39. Qg5+) 37... Qg6 {[%emt 0:02:57] [#] Hoping for ...Qc2+.} 38. Nd6 Bxd6 39. exd6 {[%emt 0:00:27] Strongly threatening d7.} Qc2+ 40. Kh3 Qf5+ 41. Kg2 (41. Qg4+ Kf7) 41... Qc2+ {[%emt 0:00:06] Weighted Error Value: White=0.17 (very precise) /Black=0.12 (very precise) .  Mistake:       	White=2     	Black=2      Inaccurate:     	White=2     	Black=2      OK:         	White=8     	Black=11     Best:        	White=1     	---} 1/2-1/2

[Event "Budapest IM-B ONE WEEK Feb 2024"]
[Site "Budapest"]
[Date "2024.02.29"]
[Round "6.2"]
[White "Haszon, David"]
[Black "Nemeth, Zoltan"]
[Result "1-0"]
[ECO "D00"]
[WhiteElo "2245"]
[BlackElo "2194"]
[Annotator "TA"]
[PlyCount "85"]
[EventDate "2024.02.25"]
[EventType "tourn"]
[EventCountry "HUN"]
[SourceTitle "playchess.com"]
[Source "ChessBase"]
[SourceQuality "1"]
[TimeControl "5400+30"]

1. d4 d5 2. Bf4 c5 3. Nc3 Nc6 4. e3 a6 5. dxc5 e6 (5... e5 $5 6. Bg3 $8 d4 7. exd4 exd4 $15) 6. Na4 Bxc5 7. Nxc5 Qa5+ 8. Qd2 {[%emt 0:02:02] [#] Qxa5 wäre nun fies. Die Stellung ist ausgeglichen.} Qxc5 9. a3 Nf6 10. b4 Qe7 11. c4 dxc4 12. Bxc4 e5 13. Bg3 O-O 14. Nf3 Bg4 15. Qb2 Rac8 16. Bb3 Bxf3 17. gxf3 Nh5 18. O-O Rfd8 19. Rac1 Nxg3 20. hxg3 Rd6 21. Kg2 Rcd8 22. Rfd1 Rxd1 23. Rxd1 Rxd1 24. Bxd1 $16 {[%emt 0:00:10][%mdl 4096] Endspiel. KQB-KQN} h5 25. Ba4 e4 {[%emt 0:11:57] [#]} (25... Nd8 $14) 26. Bxc6 (26. f4 $1 $16) 26... bxc6 {[%emt 0:00:05] KQ-KQ} 27. f4 c5 28. b5 axb5 29. Qxb5 {[%emt 0:00:22] Zielt auf a4 ab.} Kh7 (29... h4 $11) 30. Qc6 {[%emt 0:03:01] a4 ist eine echte Drohung.} f5 $1 31. a4 h4 ({Günstiger ist} 31... Qa7 $14) 32. Qd5 g6 (32... hxg3 $142 33. Qxf5+ g6 34. Qh3+ Kg7) 33. a5 {[%emt 0:00:44] Weiß steht aktiver.} ({Der einzige Zug:} 33. gxh4 $16 {Schwarz muss nun a5 beachten.} Qxh4 34. a5 (34. Qxc5 Qg4+ 35. Kf1 Qd1+ 36. Kg2 Qg4+ 37. Kh2 Qh5+ 38. Kg2 Qf3+ 39. Kg1 Qg4+ 40. Kh2 Qh5+ 41. Kg2 Qf3+ 42. Kg1 Qd1+ 43. Kh2 Qh5+ $11) 34... Qg4+ 35. Kf1) 33... c4 $2 34. Qxc4 $18 {[%emt 0:02:00] Droht a6 und aus.} hxg3 35. Kxg3 Qa3 $2 (35... Qd7 $18 36. Qe2 Qa4) 36. Qf7+ {[%emt 0:01:28] Weiß setzt Matt.} Kh8 37. Qf6+ (37. Qxg6 Qxe3+ 38. Kg2 Qf3+ 39. Kg1 Qd1+ 40. Kh2 Qe2 $18) 37... Kh7 38. a6 Qc1 39. Kg2 Qd1 40. Qh4+ Kg7 41. a7 Qa1 42. Qe7+ Kh6 43. Qf8+ {[%emt 0:00:12] Gewichteter Fehlerwert: Weiß=0.14 (sehr präzise) /Schwarz=0.44.  Verlustzug:     	---       	Schwarz=1     Fehler:       	Weiß=2     	Schwarz=5     Ungenau:       	Weiß=4     	Schwarz=4     OK:         	Weiß=9     	Schwarz=10    Bester:       	Weiß=3     	---        Stark:        	---       	Schwarz=1} 1-0

[Event "Budapest IM-B ONE WEEK Feb 2024"]
[Site "Budapest"]
[Date "2024.02.29"]
[Round "6.3"]
[White "Polyik, Peter"]
[Black "Poysti, Nathanael"]
[Result "1/2-1/2"]
[ECO "A45"]
[WhiteElo "2289"]
[BlackElo "2163"]
[Annotator "TA"]
[PlyCount "53"]
[EventDate "2024.02.25"]
[EventType "tourn"]
[EventCountry "HUN"]
[SourceTitle "playchess.com"]
[Source "ChessBase"]
[SourceQuality "1"]
[TimeControl "5400+30"]

1. d4 Nf6 2. Bg5 e6 3. e4 h6 4. Bxf6 Qxf6 5. Nc3 Bb4 6. Nge2 d5 7. a3 Bxc3+ 8. Nxc3 c6 9. e5 Qe7 10. Bd3 b6 {[%emt 0:00:04] The position is equal.} 11. O-O Ba6 12. Bxa6 Nxa6 13. Qd3 Nc7 14. Nd1 c5 15. c3 c4 16. Qc2 O-O-O (16... b5 $14) 17. b3 $16 cxb3 18. Qxb3 Kb8 19. Nb2 Ka8 20. Nd3 Rb8 21. a4 Na6 22. Qb5 Qb7 23. a5 {[%emt 0:00:31] [#] And now axb6 would win. White is more active.} Nc7 24. Qd7 (24. Qb2 $16) 24... Na6 $14 25. Qb5 (25. Qd6 $14 b5 26. Rfc1) 25... Nc7 $16 26. Qd7 ({Better is} 26. Qb2 $16) 26... Na6 $14 27. Qb5 {[%emt 0:00:05] Weighted Error Value: White=0.23 (precise) /Black=0.07 (flawless) .  Mistake:       	White=3     	Black=1      Inaccurate:     	White=2     	Black=1      OK:         	White=7     	Black=8      Best:        	---       	Black=4} 1/2-1/2

[Event "Budapest IM-B ONE WEEK Feb 2024"]
[Site "Budapest"]
[Date "2024.02.29"]
[Round "6.4"]
[White "Golis, Wiktor"]
[Black "Krizsany, Laszlo"]
[Result "1-0"]
[ECO "B00"]
[WhiteElo "2123"]
[BlackElo "2346"]
[Annotator "TA"]
[PlyCount "71"]
[EventDate "2024.02.25"]
[EventType "tourn"]
[EventCountry "HUN"]
[SourceTitle "playchess.com"]
[Source "ChessBase"]
[SourceQuality "1"]
[TimeControl "5400+30"]

1. e4 b6 2. d4 Bb7 3. Bd3 e6 4. Nf3 c5 5. c3 Nf6 6. Qe2 Be7 (6... d5 $1 $11) 7. e5 $14 Nd5 8. c4 Nc7 9. dxc5 {[%emt 0:03:27] White is better.} bxc5 10. O-O Nc6 11. Nbd2 (11. Nc3 $16) 11... f5 12. exf6 gxf6 {[%emt 0:02:02] [#]} 13. b4 $1 cxb4 14. Bb2 {[%emt 0:02:01] Hoping for Ng5.} d6 ({Black should try} 14... O-O $1 $14) 15. Ne4 {[%emt 0:10:47] White has more active pieces.} ({Better is} 15. Rfd1 $1 $16) 15... Kd7 $2 (15... O-O $1 $11) 16. Rfd1 (16. c5 $142 {cxd6 would now be deadly.} d5 (16... dxc5 $2 17. Rac1 $18) 17. Rfd1 (17. Nd6 Bxd6 18. cxd6 Kxd6 $16)) 16... Kc8 17. Bc2 Rg8 18. Nc5 (18. Rxd6 $1 $18 {is more deadly.} Qf8 (18... Bxd6 19. Rd1 $18) 19. Rd2) 18... Qe8 {[%emt 0:20:05] [#]} (18... Rxg2+ $16 19. Kxg2 Qg8+ 20. Kh1 dxc5) 19. Nxb7 $1 $18 (19. Nxe6 Ne5 20. Ned4 Qh5 $16) 19... Kxb7 20. Nd4 (20. Bxh7 Rg4 $18) 20... Nxd4 21. Bxd4 (21. Rxd4 $6 f5 $16) 21... f5 22. a3 a5 23. axb4 Qc6 24. f3 $2 (24. bxa5 $2 Qxg2#) (24. g3 $18 axb4 25. Rab1) 24... axb4 $11 25. Rab1 Ra2 $2 (25... d5 $11 {and Black stays safe.} 26. Bb3 dxc4 27. Bxc4 Rgd8) 26. Rxb4+ $18 Kc8 27. Rb6 Qa8 {[%emt 0:02:00] [#]} 28. c5 $1 dxc5 {[%emt 0:02:41] [#]} (28... Rd8 29. c6) 29. Be5 {[%emt 0:01:16] Intending Bxc7 and mate.} ({Inferior is} 29. Rxe6 Rxc2 30. Qxc2 Nxe6 $17) 29... Rxc2 30. Qxc2 {[%emt 0:00:27] And now Bxc7 would win.} Qxf3 31. Rdb1 {[%emt 0:00:59] White wants to mate with Rb8+.} ({Not} 31. Kh1 Rxg2 32. Qb3 Qxb3 33. Rxb3 Re2 $15) 31... Qe3+ 32. Kh1 Qxe5 33. Rb8+ {[%emt 0:00:17] White mates.} Kd7 34. Qa4+ Kd6 35. R8b6+ Kd5 36. Rd1+ {[%emt 0:00:04] Weighted Error Value: White=0.29 (precise) /Black=0.80.  Loses game:     	---       	Black=3      Missed win:     	White=1     	---        Mistake:       	White=4     	Black=1      Inaccurate:     	---       	Black=3      OK:         	White=9     	Black=8      Best:        	White=2     	Black=1      Strong:       	White=1     	---} (36. Qc6+ $142 Kc4 37. R6b4+ (37. Qa4+ Kd5 $18) 37... Kd3 38. Qf3+ Kc2 39. Qd1+ Kc3 40. R1b3#) 1-0

[Event "Budapest IM-B ONE WEEK Feb 2024"]
[Site "Budapest"]
[Date "2024.02.29"]
[Round "6.5"]
[White "Mouhamad, Joachim"]
[Black "Velikic, Adela"]
[Result "1-0"]
[ECO "B10"]
[WhiteElo "2316"]
[BlackElo "2266"]
[Annotator "RC"]
[PlyCount "191"]
[EventDate "2024.02.25"]
[EventType "tourn"]
[EventCountry "HUN"]
[SourceTitle "playchess.com"]
[Source "ChessBase"]
[SourceQuality "1"]
[TimeControl "5400+30"]

1. e4 c6 2. Nf3 d5 3. Nc3 dxe4 4. Nxe4 Nf6 5. Nxf6+ exf6 6. Bc4 Qe7+ 7. Qe2 Qxe2+ 8. Bxe2 Bd6 9. O-O O-O 10. d4 Bf5 11. c4 Re8 12. Be3 g5 13. Rfe1 Nd7 14. Rad1 Bc2 15. Rd2 Bg6 16. Rc1 Bb4 17. Rdd1 h6 18. a3 Bf8 19. Kf1 f5 20. g3 Bg7 21. h4 f4 22. gxf4 gxf4 23. Bxf4 Re4 24. Bg3 Bh5 25. Ng1 Nf6 26. Rc2 Bg6 27. Rcd2 Rd8 28. Bf3 Ree8 29. Be5 Ne4 30. Bxe4 Bxe4 31. Bxg7 Kxg7 32. f3 Bg6 33. Kf2 Rd6 34. Ne2 Rf6 35. d5 cxd5 36. cxd5 Kf8 37. Ng3 Be4 38. Nxe4 Rxe4 39. d6 Re8 40. Rc1 Rd8 41. Rc7 Rfxd6 42. Rxd6 Rxd6 43. Rxb7 a6 44. Ke3 Kg7 45. b4 Re6+ 46. Kf4 Rf6+ 47. Kg3 Rg6+ 48. Kf2 Rc6 49. a4 Rc4 50. Kg3 a5 51. bxa5 Rxa4 52. Rb5 Kg6 53. h5+ Kf6 54. Kf2 Ra3 55. Ke2 Ke6 56. Kf2 Kf6 57. Rc5 Ke6 58. Kg3 Ra4 59. f4 Ra1 60. Kf3 Ra3+ 61. Kg4 Kf6 62. Rc6+ Kg7 63. a6 Ra5 64. f5 Ra4+ 65. Kf3 Kh7 66. Ke3 Rh4 67. Rc7 Kg7 68. a7 Ra4 69. Kd3 Kf6 70. Kc3 Kxf5 71. Kb3 Ra1 72. Kb4 Kg4 73. Rxf7 Rb1+ 74. Kc5 Rc1+ 75. Kb6 Rb1+ 76. Kc7 Ra1 77. Kb6 Rb1+ 78. Kc6 Rc1+ 79. Kb7 Rb1+ 80. Kc8 Ra1 81. Kb8 Kxh5 82. a8=Q Rxa8+ 83. Kxa8 Kg4 84. Rg7+ Kf4 85. Rh7 Kg5 86. Kb7 h5 87. Kc6 Kg4 88. Kd5 h4 89. Ke4 Kg3 90. Rg7+ Kf2 91. Rh7 Kg3 92. Ke3 h3 93. Rg7+ Kh2 94. Kf2 Kh1 95. Rg1+ Kh2 96. Rg3 1-0

[Event "Budapest IM-B ONE WEEK Feb 2024"]
[Site "Budapest"]
[Date "2024.03.01"]
[Round "7.1"]
[White "Velikic, Adela"]
[Black "Skytte, Rasmus"]
[Result "1/2-1/2"]
[ECO "D35"]
[WhiteElo "2266"]
[BlackElo "2342"]
[Annotator "TA"]
[PlyCount "66"]
[EventDate "2024.02.25"]
[EventType "tourn"]
[EventCountry "HUN"]
[SourceTitle "playchess.com"]
[Source "ChessBase"]
[SourceQuality "1"]
[TimeControl "5400+30"]

1. c4 e6 2. Nc3 d5 3. d4 Nf6 4. cxd5 exd5 5. Bg5 Bb4 6. e3 h6 7. Bh4 g5 8. Bg3 Ne4 9. Nge2 h5 10. h4 Bg4 11. Qb3 Nxg3 (11... Nc6 $11) 12. Nxg3 $14 Nc6 13. hxg5 (13. Bb5 $14 gxh4 14. Qxb4 hxg3 15. O-O) 13... Qxg5 $11 14. Bb5 Bxc3+ 15. bxc3 O-O-O 16. Bxc6 bxc6 17. Qa4 Kd7 18. c4 (18. Qxa7 $2 h4 19. Nf1 Qf5 $19) 18... h4 19. Nf1 (19. Ne2 $1 $15) 19... h3 $36 {[%emt 0:03:38][%mdl 2048] Schwarz ist am Drücker.} 20. gxh3 {[%emt 0:09:07] Und Rg1 würde nun gewinnen.} Bf3 (20... Bxh3 $6 21. Ng3 $11) (20... Rxh3 $6 21. Rxh3 Bxh3 22. Ng3 $11) 21. Rh2 Rb8 $1 {[%emt 0:04:17][%mdl 1024] Schwarz hat starke Kompensation.} 22. Kd2 $2 {[%emt 0:05:38][%mdl 8192] Weiss ist schwach auf den weissen Feldern} (22. Qc2 $17 {war die entscheidende Verteidigung.}) 22... Rb2+ $2 (22... dxc4 $19 {ist viel giftiger.} 23. Kc1 Qd5) 23. Kc3 Rhb8 24. Nd2 {[%emt 0:00:42] [#]} Qf5 25. Nxf3 Qxf3 26. Qd1 Re2 27. Rb1 {[%emt 0:04:14] [#] Pariert a5.} Rxb1 (27... Rxf2 $2 28. Qxf3 Rxf3 29. Rxb8 $18) ({Vorzuziehen ist} 27... Rb6 $1 $17 {Droht ...dxc4 und aus.} 28. cxd5 cxd5 (28... Rxf2 29. Qxf3 Rxf3 30. dxc6+ Rxc6+ 31. Kd3 $14) 29. Rxb6 Rxe3+ (29... axb6 30. Qa4+ Kd6 31. Qa3+ c5 32. dxc5+ bxc5 33. Qa6+ Kc7 34. Qa5+ Kd6 35. Qb6+ Kd7 36. Qb7+ Kd6 37. Qb6+ Kd7 38. Qb7+ Kd8 39. Qb6+ Kd7 $11) 30. fxe3 Qxd1) 28. Qxb1 $11 dxc4 $17 {[%emt 0:00:27] KQR-KQR. Die Stellung ist ausgeglichen.} 29. Qg1 $1 f5 30. Qg7+ Kc8 31. Qg2 {[%emt 0:01:26] Das Brett brennt.} Rc2+ $1 32. Kxc2 Qe2+ 33. Kc1 Qe1+ $1 {[%emt 0:00:40] Schwarz hatte alle Gewinnchancen.   Gewichteter Fehlerwert: Weiß=0.29 (präzise) /Schwarz=0.28 (präzise) .  Verlustzug:     	Weiß=1     	---        Gewinn verpasst:   	---       	Schwarz=1     Fehler:       	Weiß=2     	Schwarz=2     Ungenau:       	Weiß=2     	---        OK:         	Weiß=7     	Schwarz=13    Bester:       	Weiß=4     	Schwarz=2     Stark:        	Weiß=1     	Schwarz=3} 1/2-1/2

[Event "Budapest IM-B ONE WEEK Feb 2024"]
[Site "Budapest"]
[Date "2024.03.01"]
[Round "7.3"]
[White "Poysti, Nathanael"]
[Black "Golis, Wiktor"]
[Result "0-1"]
[ECO "A13"]
[WhiteElo "2163"]
[BlackElo "2123"]
[Annotator "RC"]
[PlyCount "60"]
[EventDate "2024.02.25"]
[EventType "tourn"]
[EventCountry "HUN"]
[SourceTitle "playchess.com"]
[Source "ChessBase"]
[SourceQuality "1"]
[TimeControl "5400+30"]

1. c4 e6 2. g3 d5 3. Bg2 dxc4 4. Qa4+ Qd7 5. Qxc4 c5 6. Nf3 Nc6 7. O-O Nf6 8. d4 cxd4 9. Rd1 Be7 10. Nxd4 e5 11. Bxc6 bxc6 12. Qxc6 exd4 13. Qxa8 O-O 14. Qg2 Bb7 15. f3 Re8 16. Rd3 Ba6 17. Nd2 Nd5 18. Ne4 Bxd3 19. exd3 f5 20. Qh3 Qc8 21. Nf2 Bf6 22. Bf4 g6 23. Qf1 Ne3 24. Qc1 Qb7 25. Qd2 g5 26. Bd6 Qxf3 27. Nh3 Nc4 28. Nxg5 Nxd2 29. Nxf3 Nxf3+ 30. Kg2 Re1 0-1

[Event "Budapest IM-B ONE WEEK Feb 2024"]
[Site "Budapest"]
[Date "2024.03.01"]
[Round "7.4"]
[White "Nemeth, Zoltan"]
[Black "Polyik, Peter"]
[Result "1/2-1/2"]
[ECO "D43"]
[WhiteElo "2194"]
[BlackElo "2289"]
[Annotator "TA"]
[PlyCount "23"]
[EventDate "2024.02.25"]
[EventType "tourn"]
[EventCountry "HUN"]
[SourceTitle "playchess.com"]
[Source "ChessBase"]
[SourceQuality "1"]
[TimeControl "5400+30"]

1. d4 d5 2. c4 e6 3. Nf3 Nf6 4. Nc3 c6 5. cxd5 exd5 6. Bg5 h6 7. Bh4 Bf5 8. e3 Be7 9. Bd3 Bxd3 10. Qxd3 {[%emt 0:00:05] The position is equal.} Nbd7 11. O-O O-O 12. Ne5 {[%emt 0:02:40] An uneventful encounter.   OK:         	White=1     	Black=1} 1/2-1/2

[Event "Budapest IM-B ONE WEEK Feb 2024"]
[Site "Budapest"]
[Date "2024.03.01"]
[Round "7.5"]
[White "Matyassy, Lazar"]
[Black "Haszon, David"]
[Result "1/2-1/2"]
[ECO "B81"]
[WhiteElo "2176"]
[BlackElo "2245"]
[Annotator "TA"]
[PlyCount "76"]
[EventDate "2024.02.25"]
[EventType "tourn"]
[EventCountry "HUN"]
[SourceTitle "playchess.com"]
[Source "ChessBase"]
[SourceQuality "1"]
[TimeControl "5400+30"]

1. e4 c5 2. Nf3 e6 3. d4 cxd4 4. Nxd4 Nf6 5. Nc3 d6 6. g4 a6 7. g5 Nfd7 8. Bg2 Be7 9. h4 Nc6 10. Be3 Nde5 11. Qe2 {[%emt 0:05:45] Dodges Nc4. White is slightly better.} O-O 12. O-O-O Nxd4 13. Bxd4 Bd7 14. f4 Nc6 15. Be3 b5 ({Black should play} 15... Na5 $1 $14) 16. Kb1 $16 Rb8 17. Qf2 b4 18. Na4 e5 19. b3 exf4 20. Bxf4 Qc7 21. Bh3 Bxh3 22. Rxh3 Ne5 23. Bxe5 dxe5 24. Rhd3 Rbd8 {[%emt 0:03:16] Against Rd7} 25. Rd5 Rxd5 26. exd5 f6 27. gxf6 Rxf6 28. Qe2 Bd6 {[%emt 0:02:32] [#]} 29. Qc4 (29. Qxa6 $6 e4 $11) (29. Nb2 $1 $16) 29... Qd8 ({Of course not} 29... Qxc4 $6 30. bxc4 e4 31. Re1 $16 (31. c5 Bg3 $16)) (29... h6 $11) 30. h5 h6 ({Better is} 30... Qc7 $14) 31. Nb2 ({White should try} 31. Nc5 $16) 31... Qe8 $11 32. Qe2 Qf8 (32... e4 $11) 33. Nc4 Rf2 34. Qg4 {[%emt 0:00:11] [#] Qe6+ would now be deadly.} Kh8 35. Qg6 (35. Rc1 $16) 35... Rf6 (35... Rf1 $1 $11 36. Qd3 (36. Rxf1 Qxf1+ 37. Kb2 Qe1 $11) 36... Rxd1+ 37. Qxd1 e4) 36. Qg4 {[%emt 0:00:41] White is much more active.} (36. Qg2 $16) 36... Rf4 (36... Rf2 $1 $11 {remains equal.}) 37. Qe6 (37. Qh3 $16) 37... Rf6 (37... Rf1 $1 $11 38. Rxf1 Qxf1+ 39. Kb2 Qf2) 38. Qg4 Rf4 {[%emt 0:00:10] Weighted Error Value: White=0.31/Black=0.28 (precise) .  Mistake:       	White=5     	Black=7      Inaccurate:     	White=4     	Black=2      OK:         	White=10    	Black=11     Best:        	White=1     	---} 1/2-1/2

[Event "Budapest IM-B ONE WEEK Feb 2024"]
[Site "Budapest"]
[Date "2024.03.01"]
[Round "8.2"]
[White "Polyik, Peter"]
[Black "Matyassy, Lazar"]
[Result "1-0"]
[ECO "E01"]
[WhiteElo "2289"]
[BlackElo "2176"]
[Annotator "TA"]
[PlyCount "53"]
[EventDate "2024.02.25"]
[EventType "tourn"]
[EventCountry "HUN"]
[SourceTitle "playchess.com"]
[Source "ChessBase"]
[SourceQuality "1"]
[TimeControl "5400+30"]

1. d4 Nf6 2. c4 e6 3. g3 d5 4. Bg2 Bb4+ 5. Nd2 O-O 6. Ngf3 b6 7. O-O Bb7 8. a3 Be7 9. cxd5 exd5 10. b4 c5 11. bxc5 bxc5 12. Rb1 {[%emt 0:01:45] Weiß hat minimalen Vorteil.} Ba6 13. Re1 Re8 14. Bb2 c4 (14... Nbd7 $11 {bleibt in der Remisbreite.}) 15. Ne5 $16 Qc8 {[%emt 0:06:14] [#]} 16. Qa4 $1 Bb7 17. Ba1 {[%emt 0:08:38][%cal Rd2c4] Weiß steht deutlich aktiver. Die schwarzen Türme stehen passiv.} Nc6 $2 {[%emt 0:05:17] [#]} (17... c3 $16 {war einen Versuch wert.}) 18. Ndxc4 $1 Nxe5 19. Nxe5 {[%emt 0:01:31] Droht stark Rec1.} (19. dxe5 Bc6 20. Qa5 dxc4 $16) 19... Ba6 20. Rec1 Qe6 21. Rc6 Qf5 {[%emt 0:00:25] [#]} 22. e4 $1 Nxe4 {[%emt 0:00:16] Und ...Rab8 würde nun gewinnen.} 23. Qxa6 ({Minderwertig wäre} 23. Rxa6 Qxf2+ 24. Kh1 Qe3 $11) 23... Qxf2+ 24. Kh1 {[%emt 0:00:02] Droht Bxe4 und aus.} Qe3 {[%emt 0:04:09] ( -> ...Nf2+)} 25. Ng4 Qg5 (25... Qxa3 $142 26. Qxa3 Bxa3) 26. Bxe4 $18 dxe4 27. Ne5 {[%emt 0:00:23] Schwarz wurde aus der Eröffnung heraus überspielt.   Gewichteter Fehlerwert: Weiß=0.06 (makellos) /Schwarz=0.43.  Verlustzug:     	---       	Schwarz=1     Fehler:       	---       	Schwarz=2     Ungenau:       	---       	Schwarz=1     OK:         	Weiß=7     	Schwarz=5     Bester:       	Weiß=3     	---        Stark:        	Weiß=2     	---} 1-0

[Event "Budapest IM-B ONE WEEK Feb 2024"]
[Site "Budapest"]
[Date "2024.03.01"]
[Round "8.3"]
[White "Golis, Wiktor"]
[Black "Nemeth, Zoltan"]
[Result "1-0"]
[ECO "C43"]
[WhiteElo "2123"]
[BlackElo "2194"]
[Annotator "RC"]
[PlyCount "53"]
[EventDate "2024.02.25"]
[EventType "tourn"]
[EventCountry "HUN"]
[SourceTitle "playchess.com"]
[Source "ChessBase"]
[SourceQuality "1"]
[TimeControl "5400+30"]

1. e4 e5 2. Nf3 Nf6 3. d4 Nxe4 4. dxe5 d5 5. Nbd2 Nxd2 6. Bxd2 Be7 7. Bd3 Bg4 8. h3 Bh5 9. c3 Nc6 10. Bf4 Qd7 11. Qc2 Bg6 12. O-O-O O-O-O 13. Rhe1 Bxd3 14. Qxd3 h6 15. Bh2 Bc5 16. Re2 Qe6 17. Kb1 d4 18. cxd4 Nxd4 19. Nxd4 Rxd4 20. Qc2 Rxd1+ 21. Qxd1 Qg6+ 22. Rc2 Rd8 23. Qc1 Bxf2 24. Ka1 Bb6 25. e6 Kb8 26. Rxc7 a6 27. e7 1-0